Description

Zest's go to PVZ archon drop into charge lots +1 and immortals

Replay - Nerchio v Zest: Game 2 - Blackpink LE

Build Order

Get SALT Encoding   

  12  0:00  Probe  
  13  0:12  Probe  
  14  0:19  Pylon  
  14  0:25  Probe (Chrono Boost)  
  15  0:38  Probe (Chrono Boost)  
  15  0:40  Gateway  
  16  0:46  Probe (Chrono Boost)  
  16  0:47  Assimilator  
  17  0:52  Probe  
  18  1:04  Probe  
  19  1:16  Probe  
  20  1:24  Nexus  
  20  1:34  Cybernetics Core  
  20  1:37  Probe  
  21  1:42  Assimilator  
  21  1:49  Probe  
  21  1:52  Pylon  
  23  2:09  Adept (Chrono Boost)  
  23  2:15  Stargate  
  26  2:22  Warp Gate  
  26  2:27  Adept  
  33  2:57  Phoenix (Chrono Boost)  
  38  3:12  Oracle (Chrono Boost), Pylon  
  45  3:29  Assimilator x2  
  45  3:35  Gateway  
  45  3:40  Oracle (Chrono Boost)  
  45  3:47  Pylon  
  50  4:00  Robotics Facility  
  52  4:09  Twilight Council  
  56  4:30  Gateway x4  
  56  4:45  Charge (Chrono Boost)  
  56  4:46  Warp Prism (Chrono Boost)  
  58  4:53  Templar Archives  
  58  5:01  Zealot x2  
  58  5:03  Pylon  
  62  5:21  Nexus  
  62  5:36  High Templar x4  
  62  5:37  Zealot x2  
  62  5:39  Observer  
  62  5:40  Archon x2  
  73  6:07  Psionic Storm  
  71  6:13  Gateway x2  
  71  6:15  Assimilator x2  
  71  6:16  Forge  
  77  6:40  Shield Battery  
  77  6:42  High Templar x2, Zealot  
  85  6:54  High Templar x2, Zealot  
  90  6:56  Protoss Ground Weapons Level 1 (Chrono Boost)  
  90  6:57  Photon Cannon  
  93  7:05  Immortal (Chrono Boost)  
  101  7:30  Robotics Facility  
  101  7:34  Immortal (Chrono Boost)  
  108  7:41  High Templar x2  
Spawning Tool Build Advisor. Get it on Overwolf

Go to:

Details

  • Created by: goldensunliu
  • Published on: Jun 11, 2018
  • Modified on: Jun 11, 2018
  • Patch: 4.0.0
Show
View Real Time Build Order
Export as new Build Order

Comments (0)

There are no comments. Be the first!

Create an account to comment!